Construct Infanterie Kompanie
Construct Luftwaffe Kompanie
Selects Luftwaffe Battlegroup
Selects Luftwaffe Pioneer Support
Selects Stuka Strafing Run
Selects Fallschirmjäger Squad Paradrop
Fallschirmjäger Squad Paradrop
Fallschirmjäger Squad Paradrop
Flak 30 Anti-aircraft Gun Team
Selects Fragmentation Bombs
Construct Panzer Kompanie
Selects Flak 38 Anti-Air Emplacement
Selects Flak 36 Anti-tank Gun Emplacement
Marder III M Tank Destroyer
Fallschirmpioneer Squad Paradrop